 Seeded DCSS version 0.30-a0-937-ga0a21ad780 (webtiles) character file.

Game seed: 169287705808878618 (custom seed)

60 bmack86 the Covered (level 3, 0/33 HPs)
             Began as a Minotaur Fighter on Mar 24, 2023.
             Slain by Sigmund
             ... wielding a +0 scythe
              (8 damage)
             ... on level 2 of the Dungeon.
             The game lasted 00:02:51 (1236 turns).

bmack86 the Covered (Minotaur Fighter)              Turns: 1236, Time: 00:02:51

Health: 0/33       AC:  8    Str: 28    XL:     3   Next: 80%
Magic:  2/2        EV: 14    Int:  5    God:
Gold:   67         SH:  4    Dex:  9    Spells: 2/2 levels left

rFire   . . .      SeeInvis .    a - +0 war axe
rCold   . . .      Faith    .    c - +0 buckler
rNeg    . . .      Spirit   .    b - +0 scale mail
rPois   .          Reflect  .    (helmet restricted)
rElec   .          Rampage  .    (no cloak)
rCorr   .                        (no gloves)
Will    .....                    k - +0 pair of boots Stlth
                                 o - amulet of the acrobat
HPRegen 0.25/turn                h - +5 ring of evasion
MPRegen 0.08/turn                q - +6 ring of strength

@: mighty
A: horns 2, retaliatory headbutt
a: no special abilities


You were on level 2 of the Dungeon.
You visited 1 branch of the dungeon, and saw 2 of its levels.

You collected 67 gold pieces.

Inventory:

Hand Weapons
 a - a +0 war axe (weapon)
Missiles
 r - 4 poisoned darts
 s - 6 boomerangs (quivered)
Armour
 b - a +0 scale mail (worn)
 c - a +0 buckler (worn)
 k - a +0 pair of boots (worn)
Jewellery
 h - a +5 ring of evasion (left hand)
 n - a ring of wizardry
 o - an amulet of the acrobat (around neck)
 q - a +6 ring of strength (right hand)
Scrolls
 e - a scroll of blinking {unknown}
 f - 2 scrolls of teleportation {unknown}
 g - a scroll of acquirement {unknown}
 i - 4 scrolls of fog {unknown}
 j - 2 scrolls of identify {unknown}
 m - a scroll of poison {unknown}
Potions
 l - 2 potions of heal wounds {unknown}
 p - a potion of lignification {unknown}


   Skills:
 + Level 4.1 Fighting
 * Level 3.6 Axes
 + Level 0.7 Throwing
 + Level 4.1 Armour
 + Level 4.0 Shields


You had 2 spell levels left.
You didn't know any spells.
Your spell library contained the following spells:

 Spells                   Type           Power      Damage    Failure   Level
 Sting                    Tmut/Pois      0%         1d3       83%         1
 Poisonous Vapours        Pois/Air       0%         N/A       92%         2
 Olgreb's Toxic Radiance  Pois           0%         N/A       100%        4


Dungeon Overview and Level Annotations

Branches:
Dungeon (2/15)

Altars:

Annotations:
D:2 Sigmund


Innate Abilities, Weirdness & Mutations

You have a pair of horns on your head.
You reflexively headbutt those who attack you in melee.


Message History

The goblin closely misses you.
Unknown command.
You closely miss the goblin. The goblin closely misses you.
You furiously retaliate!
You headbutt the goblin!
You kill the goblin!
Something hits you!
Unknown command.
You hear some strange, mumbled words.
Something tries to affect you, but you resist.
You hear an angry hiss.
There is an open door, spattered with blood here.
Items here: ))) †††.
Unknown command.
You closely miss something.
You hear some strange, mumbled words.
Something tries to affect you, but you resist.
A worm comes into view.
You barely miss something. Something hits you.
Unknown command.
You closely miss something.
You hear some strange, mumbled words.
A puff of flame appears from out of thin air!
The puff of flame hits you but does no damage.
You miss something. Your headbutt misses something.
You hear some strange, mumbled words.
A magic dart appears from out of thin air!
The magic dart hits you but does no damage.
You block something's attack.
Unknown command.
You barely miss something. Your headbutt misses something. Something hits you.
You miss something.
Unknown command.
You closely miss something.
You hear some strange, mumbled words.
A puff of flame appears from out of thin air!
The puff of flame hits you.
* * * LOW HITPOINT WARNING * * *
You block something's attack.
You hit something. Something hits you!
You die...

....#...# #.##...#.# .#
>.......###.##...#.# .#
.####.......######.# .# .#
#.####### #.# .# .#
#.############.# .#
#.##........##.#
.####.##........##.#
......##......))##.#
.......)......).@{S#
...#####........###w......
.#...###........# .......
.........<......# .......
####..##.......## .......
##..#)......## .......
#..........# ###+##.
###........# #........#


You could see a worm and a ball python.

Vanquished Creatures
  Robin (D:2)
  An adder (D:2)
  An endoplasm (D:2)
  16 goblins
  3 hobgoblins
  3 jackals (D:2)
  3 ball pythons
  2 frilled lizards (D:1)
  2 kobolds
  4 rats (D:1)
36 creatures vanquished.

Notes
Turn   | Place    | Note
-------+----------+-------------------------------------------
     0 | D:1      | bmack86 the Minotaur Fighter began the quest for the Orb.
     0 | D:1      | Reached XP level 1. HP: 19/19 MP: 0/0
     6 | D:1      | Noticed a scorpion
     6 | D:1      | Noticed a snapping turtle
     6 | D:1      | Noticed a polar bear
     7 | D:1      | Noticed a wyvern
     7 | D:1      | Noticed a salamander
   379 | D:1      | Reached XP level 2. HP: 27/27 MP: 1/1
  1032 | D:2      | Reached XP level 3. HP: 33/33 MP: 2/2
  1202 | D:2      | Noticed Robin
  1211 | D:2      | Noticed Sigmund
  1223 | D:2      | Killed Robin
  1236 | D:2      | Slain by Sigmund

Illustrated notes

Levels and vault maps discovered:
D:1:      onia_arrival_zoo_common, layout_basic, minmay_fountain_box,
          nrook_mini_vaults, hangedman_decor_peaks_small
D:2:      layout_basic, hangedman_abyss_or_decor_stabs, uniq_jessica,
          uniq_sigmund, uniq_robin

Skill      XL: |  1  2  3 |
---------------+----------+-----
Axes           | 3 |  3.6
Armour         | 4 |  4.1
Fighting       | 4 |  4.1
Shields        | 4 |  4.0
Throwing       | |  0.7

Action                     || total
---------------------------++-------
  Melee: War axe           ||    73
         Headbutt          ||     8
    Use: Potion            ||     1
 Armour: Scale mail        ||    27
  Dodge: Dodged            ||    62
  Block: Buckler           ||    19

Table legend: (Time is in decaauts)
 A = Elapsed time spent in this place.
 B = Non-inter-level travel time spent in this place.
 C = Inter-level travel time spent in this place.
 D = Time resting spent in this place.
 E = Time spent auto-exploring this place.
 F = Levels seen in this place.
 G = Mean time per level.
                   A        B        C        D        E       F      G
               +--------+--------+--------+--------+--------+-----+--------+
         Total |   1263 |   1186 |     77 |      0 |    732 |   2 |  631.5 |
       Dungeon |   1263 |   1186 |     77 |      0 |    732 |   2 |  631.5 |
               +--------+--------+--------+--------+--------+-----+--------+

Top non-repeatable levels by time:
     D:1: 989 daAuts
     D:2: 274 daAuts
